 Dungeon Crawl Stone Soup version 0.30-a0-475-g03497ec522 (webtiles) character file.

Game seed: 597603040665273266

730 kae the Conjurer (level 7, -1/36 HPs)
             Began as a Tengu Fire Elementalist on Dec 20, 2022.
             Killed by an exploding steam dragon (23 damage)
             ... ignited by their inner flame
             ... on level 6 of the Dungeon.
             The game lasted 00:04:24 (6726 turns).

kae the Conjurer (Tengu Fire Elementalist)          Turns: 6726, Time: 00:04:25

Health: -1/36      AC:  4    Str: 14    XL:     7   Next: 73%
Magic:  3/13       EV: 14    Int: 17    God:
Gold:   299        SH:  0    Dex: 15    Spells: 7/13 levels left

rFire   . . .      SeeInvis .    (no weapon)
rCold   . . .      Faith    .    (no shield)
rNeg    . . .      Spirit   .    a - +0 robe
rPois   .          Reflect  .    (helmet restricted)
rElec   .          Harm     .    (no cloak)
rCorr   .          Rampage  .    g - +1 pair of gloves
Will    .....                    (boots unavailable)
Stlth   ++........               (no amulet)
HPRegen 0.26/turn                S - +6 ring of strength
MPRegen 0.13/turn                (no ring)

@: flying quickly and evasively, quick
A: beak, talons 3, nimble flight
a: no special abilities


You were on level 6 of the Dungeon.
You visited 1 branch of the dungeon, and saw 6 of its levels.

You collected 299 gold pieces.


Innate Abilities, Weirdness & Mutations

You have a beak for a mouth.
You have claws for feet.
Your magical nature lets you fly swiftly and evasively.


   Skills:
 - Level 2.1 Dodging
 - Level 2.0 Stealth
 + Level 3.8 Spellcasting
 * Level 6.9 Conjurations
 * Level 6.6 Fire Magic


You had 7 spell levels left.
You knew the following spells:

 Your Spells              Type           Power      Damage    Failure   Level
a - Foxfire               Conj/Fire      100%       2x1d9     1%          1
b - Scorch                Fire           50%        2d7       1%          2
c - Inner Flame           Hex/Fire       14%        N/A       12%         3

Your spell library contained the following spells:

 Spells                   Type           Power      Damage    Failure   Level
 Flame Wave               Conj/Fire      26%        2d8       10%         4
 Kindle Blastsparks       Fire/Tloc/Air  20%        2d11      21%         3

Inventory:

Missiles
 e - 46 stones
 h - 4 poisoned darts
 i - 5 silver javelins
Armour
 a - a +0 robe (worn)
 g - a +1 pair of gloves (worn)
   (You found it on level 1 of the Dungeon)
Magical Staves
 p - a staff of fire {!a}
   (You found it on level 3 of the Dungeon)
Jewellery
 S - a +6 ring of strength (left hand)
   (You found it on level 5 of the Dungeon)
 T - an amulet of faith {!P}
   (You found it on level 1 of the Dungeon)
Wands
 o - a wand of mindburst (10)
   (You found it on level 2 of the Dungeon)
Scrolls
 c - 5 scrolls of teleportation {@r4}
 k - 2 scrolls of enchant armour
 r - a scroll of blinking {!r}
 t - a scroll of vulnerability {!r!r}
 v - a scroll of fear
Potions
 b - a potion of magic
 d - 3 potions of attraction {!q}
 f - 2 potions of haste {@q3}
 j - 2 potions of resistance {unknown}
 l - 2 potions of ambrosia
 m - 3 potions of might
 n - 2 potions of degeneration {!q}
 q - 3 potions of curing {unknown}
 u - a potion of flight {unknown}
 w - 2 potions of mutation {!q}

Dungeon Overview and Level Annotations

Branches:
Dungeon (6/15) Zot: 26725
 Temple: D:4-7

Altars:
Fedhas
Kikubaaqudgha
Okawaru
Ru
Sif Muna

Annotations:
D:3 3 runed translucent doors, SlaveLabor's ghost, amateur DEEE

.. ##. # ### #.. .##.
##.## #.##.#.. ##...#
#.....# ..# #....#
###.§...#.....
##..####..§§...#..#.##.
##..###..@§##..#..#..)#
#....#...§○#..........#
##.......§o............
#...........°..........
##.....................
#..#..................
##.#...........o......
#...#...[..o)........
#..<...##.......#....


You could see 3 orcs.


Message History

Unknown command. 😮 HP[-3]
You take 3 damage, and now have 22/36 hp.
Unknown command.
You start resting. 😕 HP[+8]
You regained 8 hp, and now have 30/36 hp.
You see here a hound skeleton.
There is a stone staircase leading down here. 😕 HP[+5]
You regained 5 hp, and now have 35/36 hp.
Okay, then.
As you read the scroll of identify {@r1}, it crumbles to dust.
w - 2 potions of mutation 😎 HP[+1]
Your hp is fully restored (36).
You fly downwards.
There is a stone staircase leading up here.
An orc comes into view. It is wielding a +0 whip.
An orc is nearby!
Casting: Foxfire (safe; 1% risk of failure)
Confirm with . or Enter, or press ? or * to list all spells.
You conjure some foxfire! 😎 MP[-1]
You lost 1 mp, and now have 12/13 mp.
Casting: Foxfire (safe; 1% risk of failure)
Confirm with . or Enter, or press ? or * to list all spells.
You conjure some foxfire!
The foxfire hits the orc.
The foxfire hits the orc!
You kill the orc!
An orc comes into view. It is wielding a +0 flail. 😎 MP[-1]
You lost 1 mp, and now have 11/13 mp. 😎 MP[+1]
There is a stone staircase leading up here.
Casting: Foxfire (safe; 1% risk of failure)
Confirm with . or Enter, or press ? or * to list all spells.
The spell is quite dangerous to miscast (12% risk of failure)!
Continue anyway? [Y]es or [N]o only, please.
The spell is quite dangerous to miscast (12% risk of failure)!
Continue anyway?
Aiming: Inner Flame (quite dangerous; 12% risk of failure)
Press: ? - help, Dir - move target, f - steam dragon
Aim: a steam dragon (chance to affect: 67%)
The steam dragon struggles to resist. 😎 MP[-3]
You lost 3 mp, and now have 9/13 mp.
Casting: Inner Flame (quite dangerous; 12% risk of failure)
Confirm with . or Enter, or press ? or * to list all spells.
You conjure some foxfire!
The foxfire hits the steam dragon. 😎 MP[-1]
You lost 1 mp, and now have 8/13 mp.
Casting: Foxfire (safe; 1% risk of failure)
Confirm with . or Enter, or press ? or * to list all spells.
The spell is quite dangerous to miscast (12% risk of failure)!
Continue anyway? [Y]es or [N]o only, please.
The spell is quite dangerous to miscast (12% risk of failure)!
Continue anyway?
Aiming: Inner Flame (quite dangerous; 12% risk of failure)
Press: ? - help, Dir - move target, f/p - steam dragon
Aim: a steam dragon (lightly wounded, ally target, chance to affect: 67%)
The steam dragon is filled with an inner flame. 😎 MP[-3]
You lost 3 mp, and now have 5/13 mp.
Casting: Inner Flame (quite dangerous; 12% risk of failure)
Confirm with . or Enter, or press ? or * to list all spells.
You conjure some foxfire!
The steam dragon breathes steam at you. The ball of steam hits your foxfire.
Your foxfire resists.
The ball of steam misses you.
You hear a shout!
You are engulfed in a cloud of scalding steam.
The foxfire hits the orc. 😕 HP[-6]
You take 6 damage, and now have 30/36 hp.
Casting: Foxfire (safe; 1% risk of failure)
Confirm with . or Enter, or press ? or * to list all spells.
You conjure some foxfire!
You are engulfed in a cloud of scalding steam.
You are engulfed in a cloud of scalding steam.
The foxfire hits the steam dragon!
Flame seeps out of the steam dragon.
The foxfire hits the steam dragon but does no damage.
The steam dragon is engulfed in blazing flames.
Flame seeps out of the steam dragon. 😮 HP[-8] MP[-1]
You take 8 damage, and now have 22/36 hp.
MASSIVE DAMAGE!! (PAUSE)
You lost 1 mp, and now have 4/13 mp.
Casting: Foxfire (safe; 1% risk of failure)
Confirm with . or Enter, or press ? or * to list all spells.
You conjure some foxfire!
You are engulfed in a cloud of scalding steam.
The foxfire hits the steam dragon.
Flame seeps out of the steam dragon.
The foxfire hits the steam dragon but does no damage.
An orc comes into view. It is wielding a +0 hand axe.
An orc comes into view. It is wielding a +0 mace.
The steam dragon is engulfed in blazing flames.
The steam dragon explodes!
The fiery explosion engulfs you!!
Ouch! That really hurt!
You die...

Skill      XL: |  1  2  3  4  5  6  7 |
---------------+----------------------+-----
Conjurations   | 2 3 4 5 6 |  6.9
Fire Magic     | 4 5 6 |  6.6
Spellcasting   | 3 |  3.8
Dodging        | |  2.1
Stealth        | |  2.0

Action                   |  1- 3 |  4- 6 |  7- 9 || total
-------------------------+-------+-------+-------++-------
 Cast: Foxfire           |    66 |    70 |    19 ||   155
       Scorch            |     5 |    14 |    12 ||    31
       Inner Flame       |       |       |     2 ||     2
  Use: Scroll            |     5 |     8 |     1 ||    14
Armor: Robe              |     3 |       |     4 ||     7
Dodge: Dodged            |    10 |    16 |    17 ||    43

Levels and vault maps discovered:
D:1:      lemuel_arrival_hallway, layout_basic, kennysheep_nondescript
D:2:      layout_basic, serial_forest, infiniplex_forest_straight_2,
          infiniplex_forest_clump_double, infiniplex_forest_split,
          infiniplex_forest_clump_long, shapermc_ecumenical_altar_starsandcircs,
          minivault_14, chequers_serial_rivers_micro_a,
          minmay_misc_feat_nine_boxes
D:3:      minmay_spotlight, layout_loops_corners, ebering_ghost_rock_garden
D:4:      layout_layer_cave, nicolae_ru_great_annihilating_truth,
          lemuel_crystal_altar
D:5:      layout_loops_ring, grunt_temple_overflow_growth_and_decay,
          marbit_many_paths, serial_rivers, chequers_serial_rivers_small_b,
          chequers_serial_rivers_room_a, chequers_serial_rivers_small_b,
          chequers_serial_rivers_micro_d, grunt_decor_resistance
D:6:      layout_cave_pools, grunt_temple_overflow_order_and_chaos_1,
          grunt_dithmenos_shadows, yredelemnul_forgotten_temple_becter,
          old_standard_altar, minmay_temple_entry_sparse_star,
          chequers_serial_rivers_large_b

Notes
Turn   | Place    | Note
-------+----------+-------------------------------------------
     0 | D:1      | kae the Tengu Fire Elementalist began the quest for the
                  | Orb.
     0 | D:1      | Reached XP level 1. HP: 10/10 MP: 4/4
     0 | D:1      | magus.rc [v1.11.3]
   137 | D:1      | Reached skill level 2 in Conjurations
   137 | D:1      | Reached XP level 2. HP: 15/15 MP: 1/6
   148 | D:1      | Learned a level 2 spell: Scorch
   676 | D:1      | Reached XP level 3. HP: 19/19 MP: 1/7
  1193 | D:1      | Reached skill level 4 in Fire Magic
  1338 | D:1      | Learned a level 3 spell: Inner Flame
  1540 | D:2      | Reached skill level 3 in Conjurations
  1811 | D:2      | Reached XP level 4. HP: 21/24 MP: 3/8
  1841 | D:2      | Found a faded altar of an unknown god.
  2608 | D:3      | Found a runed translucent gate.
  2608 | D:3      | Found a runed translucent gate.
  2608 | D:3      | Found a runed translucent gate.
  2608 | D:3      | Noticed SlaveLabor's ghost (amateur DEEE)
  4047 | D:4      | Found a sacrificial altar of Ru.
  4104 | D:4      | Reached skill level 4 in Conjurations
  4122 | D:4      | Noticed a necrophage
  4154 | D:3      | Killed a necrophage
  4155 | D:3      | Gained mutation: Your magical nature lets you fly swiftly
                  | and evasively. [Tengu growth]
  4155 | D:3      | Reached XP level 5. HP: 14/28 MP: 2/10
  4320 | D:4      | Reached skill level 5 in Fire Magic
  4524 | D:4      | Found a shimmering blue altar of Sif Muna.
  4664 | D:4      | Noticed a phantom
  4672 | D:4      | Killed a phantom
  4673 | D:4      | Reached skill level 3 in Spellcasting
  4673 | D:4      | Reached skill level 5 in Conjurations
  4673 | D:4      | Reached XP level 6. HP: 32/32 MP: 4/11
  5155 | D:5      | Entered Level 5 of the Dungeon
  5523 | D:5      | Found an ancient bone altar of Kikubaaqudgha.
  5540 | D:5      | Found a blossoming altar of Fedhas.
  5761 | D:5      | Noticed a water moccasin
  5769 | D:5      | Killed a water moccasin
  5770 | D:5      | Reached skill level 6 in Conjurations
  5770 | D:5      | Reached XP level 7. HP: 27/36 MP: 5/13
  5885 | D:5      | Reached skill level 6 in Fire Magic
  6206 | D:5      | Found an iron altar of Okawaru.
  6456 | D:5      | HP: 9/36 [hound (1)]
  6640 | D:6      | Noticed a steam dragon
  6726 | D:6      | Killed a steam dragon
  6726 | D:6      | Killed by an exploding steam dragon... ignited by their
                  | inner flame

Vanquished Creatures
  A steam dragon (D:6)
  2 water moccasins (D:5)
  A phantom (D:4)
  A scorpion (D:5)
  A necrophage (D:3)
  3 hounds
  An iguana (D:5)
  An orc wizard (D:4)
  4 gnolls
  6 adders
  2 white imps
  A worm (D:5)
  2 dart slugs
  3 orcs
  4 bats
  7 endoplasms
  2 giant cockroaches
  8 goblins
  5 hobgoblins (D:1)
  7 jackals
  4 quokkas
  5 ball pythons
  4 frilled lizards
  8 kobolds
  2 rats
85 creatures vanquished.

Vanquished Creatures (collateral kills)
  A foxfire (D:5)
1 creature vanquished.

Vanquished Creatures (others)
  258 foxfires
258 creatures vanquished.

Grand Total: 344 creatures vanquished

Table legend:
 A = Non-vault XP
 B = Vault XP
 C = Vault XP percentage of total XP
 D = Non-vault monster count
 E = Vault monster count
 F = Vault count percentage of total count
                 A         B        C        D         E       F
            +---------+---------+-------+---------+---------+-------
      Total |    1176 |      49 |   4.0 |      76 |       9 |  10.6
            +---------+---------+-------+---------+---------+-------
        D:1 |      53 |       0 |   0.0 |      31 |       0 |   0.0
        D:2 |      40 |       0 |   0.0 |      10 |       0 |   0.0
        D:3 |     108 |       9 |   7.7 |       6 |       5 |  45.5
        D:4 |     160 |      37 |  18.8 |      12 |       3 |  20.0
        D:5 |     578 |       3 |   0.5 |      13 |       1 |   7.1
        D:6 |     237 |       0 |   0.0 |       4 |       0 |   0.0
            +---------+---------+-------+---------+---------+-------

Illustrated notes

Table legend:
 A = Kills in this place as a percentage of kills in entire the game.
 B = Kills by you in this place as a percentage of kills by you in the entire game.
 C = Kills by friends in this place as a percentage of kills by friends in the entire game.
 D = Other kills in this place as a percentage of other kills in the entire game.
 E = Experience gained in this place as a percentage of experience gained in the entire game.
 F = Experience gained in this place divided by the number of levels of this place that you have seen.
                   A       B       C       D       E      F
               +-------+-------+-------+-------+-------+----------------------
         Total | 100.0 | 100.0 |   N/A |   N/A | 100.0 | 204.2
       Dungeon | 100.0 | 100.0 |   N/A |   N/A | 100.0 | 204.2
               +-------+-------+-------+-------+-------+----------------------

Table legend: (Time is in decaauts)
 A = Elapsed time spent in this place.
 B = Non-inter-level travel time spent in this place.
 C = Inter-level travel time spent in this place.
 D = Time resting spent in this place.
 E = Time spent auto-exploring this place.
 F = Levels seen in this place.
 G = Mean time per level.
                   A        B        C        D        E       F      G
               +--------+--------+--------+--------+--------+-----+--------+
         Total |   6556 |   6432 |    124 |    445 |   5303 |   6 | 1092.7 |
       Dungeon |   6556 |   6432 |    124 |    445 |   5303 |   6 | 1092.7 |
               +--------+--------+--------+--------+--------+-----+--------+

Top non-repeatable levels by time:
     D:4: 1538 daAuts
     D:1: 1369 daAuts
     D:5: 1365 daAuts
     D:3: 1181 daAuts
     D:2: 998 daAuts
     D:6: 103 daAuts
